 Dungeon Crawl Stone Soup version 0.32-a0-981-g384da2ce10 (webtiles) character file.

Game seed: 2702368312471709674

85819 holysushi the Marksoctopus (level 15, -2/94 HPs)
             Began as an Octopode Hunter on Apr 21, 2024.
             Was an Initiate of Gozag.
             Incinerated by a deep elf pyromancer (8 damage)
             ... with a pyre arrow
             ... on level 15 of the Dungeon.
             The game lasted 00:46:22 (28060 turns).

holysushi the Marksoctopus (Octopode Hunter)       Turns: 28060, Time: 00:46:23

Health: -2/94      AC:  9    Str: 11    XL:     15   Next: 85%
Magic:  15/15      EV: 33    Int: 12    God:    Gozag
Gold:   245        SH:  5    Dex: 34    Spells: 14/14 levels left

rFire   . . .        b - +3 arbalest (heavy)
rCold   . . .        (shield currently unavailable)
rNeg    . . .        (helmet currently unavailable)
rPois   .            p - amulet of reflection
rElec   .            k - +4 ring of protection
rCorr   .            S - ring of willpower
SInv    +            G - +4 ring of protection
Will    +++..        Z - +6 ring of dexterity
Stlth   +++          L - ring of willpower
HPRegen 0.35/turn    I - +6 ring of dexterity
MPRegen 0.14/turn    R - +5 ring of evasion
                     T - ring of see invisible

%: reflection
@: on fire, beast-form, gold aura, glowing
A: beast (slay +4), almost no armour, amphibious, 8 rings, camouflage 1,
gelatinous body 1, (nimble swimmer 1), tentacles
a: Begin Untransformation, Renounce Religion, Potion Petition, Call Merchant,
Bribe Branch


You were on level 15 of the Dungeon.
You worshipped Gozag.
Gozag was aware of your devotion.
You were a hulking beast.
You visited 4 branches of the dungeon, and saw 23 of its levels.
You also visited: Sewer, Ossuary and Bailey.

You collected 6912 gold pieces.
You spent 2411 gold pieces at shops.
You paid 4256 gold pieces to Gozag.

Inventory:

Hand Weapons
 a - the +11 Singing Sword {sonic wave}
   (You found it on level 6 of the Dungeon)
 b - a +3 heavy arbalest (weapon)
 c - a +0 orcbow of draining
 F - a +2 great sword of holy wrath
Missiles
 Q - 2 throwing nets
Armour
 V - a +2 buckler of protection
Jewellery
 k - a +4 ring of protection (left tentacle)
 p - an amulet of reflection (around mantle)
 D - a ring of protection from fire
 G - a +4 ring of protection (on tentacle)
 I - a +6 ring of dexterity (on tentacle)
 L - a ring of willpower (on tentacle)
 R - a +5 ring of evasion (on tentacle)
 S - a ring of willpower (right tentacle)
 T - a ring of see invisible (on tentacle)
 U - a ring of poison resistance
 X - a +6 ring of intelligence
 Z - a +6 ring of dexterity (on tentacle)
Talismans
 J - a beast talisman (active)
 Y - a maw talisman
Wands
 s - a wand of light (10)
 t - a wand of warping (4)
 C - a wand of digging (12)
 P - a wand of polymorph (6)
 W - a wand of charming (6)
Scrolls
 d - 3 scrolls of fear
 e - 3 scrolls of poison
 f - a scroll of immolation
 l - a scroll of vulnerability
 n - 6 scrolls of fog
 o - 3 scrolls of identify
 u - 4 scrolls of blinking
 w - a scroll of torment
 y - 2 scrolls of enchant armour
 E - 14 scrolls of teleportation
 H - 5 scrolls of noise
 M - 4 scrolls of revelation
 N - 2 scrolls of summoning
Potions
 g - 3 potions of magic
 h - 7 potions of haste
 i - 6 potions of mutation
 j - 3 potions of attraction
 m - 8 potions of curing
 q - 9 potions of lignification
 r - 3 potions of enlightenment
 v - 2 potions of cancellation
 x - 2 potions of brilliance
 A - a potion of ambrosia
 B - 3 potions of invisibility
 K - 2 potions of might
 O - a potion of resistance {unknown}


   Skills:
 - Level 6.0 Fighting
 - Level 2.6(10.7) Short Blades
 - Level 15.8(16.0) Long Blades
 + Level 16.3 Ranged Weapons
 + Level 12.3 Dodging
 + Level 8.0 Stealth
 - Level 3.0 Evocations
 - Level 7.0 Shapeshifting


You had 14 spell levels left.
You didn't know any spells.
Your spell library contained the following spells:

 Spells                   Type           Power      Damage    Failure   Level
 Apportation              Tloc           0%         N/A       32%         1
 Freeze                   Ice            0%         1d3       32%         1
 Kiss of Death            Conj/Necr      0%         2d5       32%         1
 Necrotise                Necr           0%         1d4       32%         1
 Sandblast                Erth           0%         2d4       32%         1
 Shock                    Conj/Air       0%         1d3       32%         1
 Sting                    Conj/Alch      0%         1d3       32%         1
 Summon Small Mammal      Summ           0%         N/A       32%         1
 Jinxbite                 Hex            0%         N/A       45%         2
 Mercury Vapours          Alch/Air       0%         N/A       45%         2
 Sublimation of Blood     Necr           0%         N/A       45%         2
 Call Canine Familiar     Summ           0%         N/A       69%         3
 Confusing Touch          Hex            0%         N/A       69%         3
 Frozen Ramparts          Ice            0%         1d1       69%         3
 Fugue of the Fallen      Necr           0%         N/A       69%         3
 Hailstorm                Conj/Ice       0%         3d5       69%         3
 Ozocubu's Armour         Ice            0%         N/A       69%         3
 Passwall                 Erth           0%         N/A       69%         3
 Stone Arrow              Conj/Erth      0%         3d7       69%         3
 Swiftness                Air            0%         N/A       69%         3
 Tukima's Dance           Hex            0%         N/A       69%         3
 Vampiric Draining        Necr           0%         2d6       69%         3
 Airstrike                Air            0%         2d(0-16)  97%         4
 Brom's Barrelling Bould  Conj/Erth      0%         2d3       97%         4
 Dispel Undead            Necr           0%         3d6       97%         4
 Martyr's Knell           Necr/Summ      0%         N/A       97%         4
 Olgreb's Toxic Radiance  Alch           0%         N/A       97%         4
 Passage of Golubria      Tloc           0%         N/A       97%         4
 Summon Blazeheart Golem  Fire/Summ      0%         N/A       97%         4
 Alistair's Intoxication  Alch           0%         N/A       100%        5
 Curse of Agony           Necr           0%         N/A       100%        5
 Yara's Violent Unravell  Hex/Alch       0%         3d3       100%        5
 Bombard                  Conj/Erth      0%         9d1       100%        6
 Haunt                    Necr/Summ      0%         N/A       100%        7
 Malign Gateway           Summ/Tloc      0%         N/A       100%        7
 Manifold Assault         Tloc           0%         N/A       100%        7
 Rimeblight               Ice/Necr       0%         2d3       (prima100%   7
 Seismic Cannonade        Alch/Erth      0%         6d4       100%        7
 Infestation              Necr           0%         N/A       100%        8
 Summon Horrible Things   Summ           0%         N/A       100%        8
 Animate Dead             Necr           Unusable   N/A       N/A         4

Dungeon Overview and Level Annotations

Branches:
Dungeon (15/15) Zot: 23746  Temple (1/1) D:7 Zot: 5979    Lair (5/5) D:9 Zot: 22709
 Shoals (0/4) Lair:2        Snake (0/4) Lair:3        Slime (0/5) Lair:4
    Orc (2/2) D:9 Zot: 7186     Elf (0/3) Orc:2        Vaults (0/5) D:13
  Sewer (visited)         Ossuary (visited)          Bailey (visited)
 Depths: D:15

Altars:
Ashenzari
Cheibriados
Dithmenos
Elyvilon
Fedhas
Gozag
Hepliaklqana
Kikubaaqudgha
Makhleb
Nemelex Xobeh
Okawaru
Qazlal
Ru
Sif Muna
Trog
Uskayaw
Vehumet
Wu Jian
Xom
Yredelemnul
Zin
The Shining One
Jiyva

Shops:
D:7 =   D:10 ?   D:13 ?   Orc:2 ([*=   Lair:2 (*

Annotations:
D:9 3 runed translucent doors, dlwiii's ghost, novice VSFi
D:14 exclusion: upstairs
D:15 Nessos
Lair:4 exclusion: downstairs


Innate Abilities, Weirdness & Mutations

You are a hulking beast.
Your limbs bulge with bestial killing power. (Slay +4)
You cannot wear most types of armour.
You are amphibious.
You can wear up to eight rings at the same time.
Your skin changes colour to match your surroundings (Stealth+).
Your rubbery body absorbs attacks. (AC +1, EV +1)
((You are camouflaged when in or above water. (Stealth+)))
You have tentacles for arms and can constrict up to eight enemies at once.


Message History

You block the guardian serpent's attack.
You are too injured to fight recklessly!
Unknown command.
As you read the scroll of fear, it crumbles to dust.
You assume a fearsome visage.
The guardian serpent resists with some effort.
The guardian serpent looks frightened!
Nessos looks frightened!
The liquid fire burns you!
Nessos gives up.
Nessos gestures wildly while chanting.
Nessos blinks!
The guardian serpent coils itself and waves its upper body at you.
The bolt of poison hits you!!
You are poisoned.
* * * LOW HITPOINT WARNING * * *
Nessos gestures wildly while chanting.
Nessos blinks!
You feel much better. The liquid fire burns you!
* * * LOW HITPOINT WARNING * * *
x2 You feel very sick.
Nessos casts a spell.
Nessos blinks!
The guardian serpent is distracted by your dazzling golden aura.
Blink to where?
Press: ? - help, Dir - move target, p - Nessos
As you read the scroll of blinking, it crumbles to dust.
The liquid fire burns you!
* * * LOW HITPOINT WARNING * * *
x2 You feel very sick.
You feel better. The liquid fire burns you!
* * * LOW HITPOINT WARNING * * *
Okay, then.
Okay, then.
As you read the scroll of summoning, it crumbles to dust.
Wisps of shadow whirl around you... The liquid fire burns you!
You die...
Your body crumbles into a pile of gold.

....# ### ..#.##.#
#.#.##.## ....##...
#....... ##### ####.#.##.#
..... .....#.##.##
#.##.#####........ '#
#h##.......%.##.#.
....#####c##..###.......#.
#$S...C.##..###.#######.
##...##....#.# #)
###.....##.#.#.# #.
#.......S.ยง..#.#######.
#.......#..c...#.......
#......##.##...........
#.....###.##.#.#.......


You could see a friendly centaur warrior (summoned, wandering) and a friendly
cyclops (summoned, wandering).

Vanquished Creatures
  Rupert (Orc:2)
  Kirke (D:12)
  Roxanne (D:15)
  An orc warlord (Orc:1)
  An ironbound preserver (D:13)
  Snorg (Lair:3)
  4 hydras
  2 vault guards (Bailey)
  Erica (Lair:2)
  3 centaur warriors
  3 two-headed ogres
  3 boulder beetles
  3 catoblepae (Lair:5)
  6 death yaks (Lair:5)
  4 tengu warriors
  5 orc high priests (Orc:2)
  A skyshark (Lair:4)
  A skeletal warrior (D:13)
  2 arcanists
  4 orc knights
  6 deep elf pyromancers
  3 orc sorcerers (Orc:2)
  2 manticores (Lair:5)
  4 ugly things
  10 cyclopes
  5 black mambas
  A kobold blastminer (Orc:1)
  A merfolk siren (Lair:2)
  8 elephants (Lair:4)
  2 gargoyles
  A torpor snail (Lair:3)
  10 cane toads
  9 komodo dragons
  2 kobold demonologists (D:13)
  2 efreet
  5 trolls
  6 polar bears
  A hornet (D:10)
  A blink frog (shapeshifter) (D:14)
  Prince Ribbit (Bailey)
  22 blink frogs
  14 slime creatures
  A vampire (D:13)
  Eustachio (D:5)
  5 wyverns
  5 basilisks
  58 yaks
  2 hogs (D:12)
  3 wraiths
  3 humans (Bailey)
  3 wargs (Orc:1)
  7 vampire mosquitoes (D:13)
  A steam dragon (D:9)
  A naga (Lair:3)
  A harpy simulacrum (D:14)
  A swamp worm (D:10)
  15 water moccasins
  2 acid dragons
  2 ice beasts
  29 orc warriors
  4 ogres
  15 wolves
  6 centaurs
  A phantom (D:5)
  5 kobold brigands
  31 bullfrogs
  2 brain worms (Sewer)
  6 scorpions
  5 wights (D:7)
  8 killer bees
  10 howler monkeys
  2 bombardier beetles
  3 hounds
  23 orc priests
  2 gnoll boudas
  A human zombie (Ossuary)
  5 scorpion zombies (Ossuary)
  6 iguanas
  An iguana (shapeshifter) (D:15)
  30 orc wizards
  4 hell rats (Lair:5)
  3 mummies (Ossuary)
  12 gnolls
  12 adders
  5 river rats (Sewer)
  3 white imps
  4 ufetubi
  3 ribbon worms
  3 dart slugs
  73 orcs
  9 ball pythons
  13 bats
  4 endoplasms (D:2)
  3 giant cockroaches
  3 gnoll zombies (Ossuary)
  12 goblins
  5 hobgoblins
  9 jackals
  2 quokkas
  3 frilled lizards
  4 jackal zombies (Ossuary)
  14 kobolds
  4 kobold zombies (Ossuary)
  8 rats
685 creatures vanquished.

Vanquished Creatures (others)
  2 humans
  An orc wizard (D:13)
  An orc (D:13)
4 creatures vanquished.

Grand Total: 689 creatures vanquished

Notes
Turn   | Place    | Note
-------+----------+-------------------------------------------
     0 | D:1      | holysushi the Octopode Hunter began the quest for the Orb.
     0 | D:1      | Reached XP level 1. HP: 14/14 MP: 1/1
   120 | D:1      | Reached XP level 2. HP: 19/19 MP: 2/2
   512 | D:2      | Reached XP level 3. HP: 15/24 MP: 3/3
   858 | D:2      | Reached skill level 5 in Ranged Weapons
  1687 | D:2      | Reached XP level 4. HP: 26/29 MP: 4/4
  2393 | D:3      | Found a sparkling altar of Nemelex Xobeh.
  2527 | D:3      | Reached skill level 6 in Ranged Weapons
  2841 | D:4      | Reached XP level 5. HP: 34/34 MP: 5/5
  3209 | D:4      | Found a sacrificial altar of Ru.
  3209 | D:4      | Found an ornate altar of the Wu Jian Council.
  3222 | D:4      | Found a glowing golden altar of the Shining One.
  3224 | D:4      | Found a broken altar of Ashenzari.
  3225 | D:4      | Found a snail-covered altar of Cheibriados.
  3598 | D:4      | Found a hazy altar of Hepliaklqana.
  3728 | D:5      | Entered Level 5 of the Dungeon
  3735 | D:5      | Reached XP level 6. HP: 36/39 MP: 6/6
  3737 | D:5      | Noticed an ice beast
  3765 | D:5      | Killed an ice beast
  3868 | D:5      | Found a glowing drain.
  3882 | Sewer    | Entered a sewer
  3906 | Sewer    | Reached skill level 7 in Ranged Weapons
  4148 | Sewer    | Reached skill level 1 in Evocations
  4148 | Sewer    | Reached XP level 7. HP: 45/45 MP: 7/7
  4747 | D:5      | Reached skill level 5 in Dodging
  4859 | D:5      | Reached skill level 8 in Ranged Weapons
  4859 | D:5      | Reached XP level 8. HP: 24/50 MP: 8/8
  5111 | D:5      | Noticed Eustachio
  5272 | D:5      | Killed Eustachio
  5329 | D:5      | Reached skill level 9 in Ranged Weapons
  5589 | D:5      | Found a bloodstained altar of Trog.
  5940 | D:6      | Found a sand-covered staircase.
  5947 | Ossuary  | Entered an ossuary
  6153 | Ossuary  | Reached skill level 1 in Short Blades
  6153 | Ossuary  | Reached skill level 5 in Stealth
  6153 | Ossuary  | Reached XP level 9. HP: 54/54 MP: 9/9
  6382 | D:6      | Reached skill level 10 in Ranged Weapons
  6406 | D:6      | Found the +11 Singing Sword {sonic wave}
  7181 | D:6      | Found an ancient bone altar of Kikubaaqudgha.
  7408 | D:7      | Reached skill level 1 in Long Blades
  7580 | D:7      | Reached skill level 5 in Long Blades
  7719 | D:7      | Found a blossoming altar of Fedhas.
  8053 | D:7      | Found a staircase to the Ecumenical Temple.
  8499 | D:8      | Reached XP level 10. HP: 58/61 MP: 10/10
  9176 | D:9      | Noticed a two-headed ogre
  9193 | D:9      | Killed a two-headed ogre
  9202 | D:9      | Noticed a two-headed ogre
  9210 | D:9      | Killed a two-headed ogre
  9254 | D:9      | Found a staircase to the Orcish Mines.
  9259 | D:9      | Found a flagged portal.
  9322 | Bailey   | Entered a bailey
  9333 | Bailey   | Reached skill level 10 in Long Blades
  9387 | Bailey   | Reached XP level 11. HP: 57/65 MP: 11/11
  9418 | Bailey   | Noticed a vault guard
  9419 | Bailey   | Noticed a vault guard
  9427 | Bailey   | Noticed Prince Ribbit
  9432 | Bailey   | Killed a vault guard
  9434 | Bailey   | Killed a vault guard
  9436 | Bailey   | Killed Prince Ribbit
  9474 | Bailey   | Identified a scroll of acquirement
  9474 | Bailey   | Acquired 707 gold pieces
  9634 | Temple   | Entered the Ecumenical Temple
  9644 | Temple   | Became a worshipper of Gozag Ym Sagoz the Greedy
  9744 | D:9      | Found a staircase to the Lair.
  9947 | D:9      | Found a runed translucent gate.
  9948 | D:9      | Found a runed translucent gate.
  9949 | D:9      | Found a runed translucent gate.
  9950 | D:9      | Noticed dlwiii's ghost (novice VSFi)
  9953 | D:9      | Found a viscous altar of Jiyva.
 10493 | Lair:1   | Entered Level 1 of the Lair of Beasts
 10527 | Lair:1   | Reached skill level 1 in Shapeshifting
 11254 | Lair:1   | You fall into a shaft and drop 1 floor!
 11288 | Lair:2   | Noticed a boulder beetle
 11306 | Lair:2   | Killed a boulder beetle
 11307 | Lair:2   | Noticed Erica
 11344 | Lair:2   | Killed Erica
 11345 | Lair:2   | Reached XP level 12. HP: 36/74 MP: 12/12
 11942 | Lair:1   | Noticed a boulder beetle
 12497 | Lair:1   | Killed a boulder beetle
 12961 | Lair:2   | Found a staircase to the Shoals.
 13390 | Lair:2   | Bought a runed orcbow for 227 gold pieces
 13594 | Lair:3   | Found a staircase to the Snake Pit.
 13604 | Lair:3   | Reached skill level 5 in Shapeshifting
 13859 | Lair:3   | Noticed Snorg
 13867 | Lair:3   | Killed Snorg
 13880 | Lair:3   | Reached skill level 11 in Ranged Weapons
 13893 | Lair:3   | Reached skill level 10 in Dodging
 14387 | Lair:4   | Reached XP level 13. HP: 79/79 MP: 13/13
 14684 | Lair:4   | Found a viscous altar of Jiyva.
 14685 | Lair:4   | Found a staircase to the Slime Pits.
 15518 | Lair:5   | Entered Level 5 of the Lair of Beasts
 15639 | Lair:5   | Reached skill level 12 in Ranged Weapons
 16492 | Lair:5   | Identified the orb of Moral Flaws {guile, Str+3 Ice}
 16542 | Lair:5   | Reached XP level 14. HP: 85/85 MP: 14/14
 16800 | Lair:5   | Reached skill level 13 in Ranged Weapons
 16836 | Lair:5   | Reached skill level 15 in Long Blades
 17661 | Lair:5   | Acquired 354 gold pieces
 17986 | Lair:2   | Bought an encrusted short sword for 280 gold pieces
 17986 | Lair:2   | Identified the +1 short sword of Living Defiance {flame,
                  | rC- rCorr Str+3 Dex+3} (You bought it in a shop on level 2
                  | of the Lair of Beasts)
 17989 | Lair:2   | Bought a runed arbalest for 262 gold pieces
 17989 | Lair:2   | Bought a glowing shortbow for 210 gold pieces
 17999 | Lair:2   | Bought a runed great sword for 332 gold pieces
 18004 | Lair:2   | Bought a scroll of enchant weapon for 165 gold pieces
 18004 | Lair:2   | Bought a scroll of enchant weapon for 165 gold pieces
 18004 | Lair:2   | Bought a scroll of identify for 44 gold pieces
 18220 | Orc:1    | Entered Level 1 of the Orcish Mines
 18798 | Orc:2    | Entered Level 2 of the Orcish Mines
 19048 | Orc:2    | Noticed Rupert
 19092 | Orc:2    | Noticed an orc warlord
 19112 | Orc:1    | Killed an orc warlord
 19250 | Orc:1    | Reached skill level 14 in Ranged Weapons
 19812 | Orc:2    | Reached skill level 5 in Fighting
 22326 | D:10     | Entered Level 10 of the Dungeon
 23518 | D:12     | Noticed Kirke
 23522 | D:12     | Reached XP level 15. HP: 85/94 MP: 15/15
 23526 | D:12     | Killed Kirke
 23587 | D:12     | Reached skill level 15 in Ranged Weapons
 23646 | D:12     | You fall into a shaft and drop 3 floors!
 23646 | D:15     | Entered Level 15 of the Dungeon
 24577 | D:14     | Identified the staff of Ornamental Conscience {rPois rC++
                  | Str-5 Stlth+ Necro Alchemy}
 26412 | D:13     | Reached skill level 16 in Ranged Weapons
 26468 | D:13     | Found a gate to the Vaults.
 26698 | D:13     | Bought a scroll of blinking for 112 gold pieces
 26698 | D:13     | Bought a scroll of blinking for 112 gold pieces
 26801 | D:10     | Bought a scroll of blinking for 142 gold pieces
 26972 | Orc:2    | Killed Rupert
 27148 | Orc:2    | Found a staircase to the Elven Halls.
 27299 | Orc:2    | Found Icatosusk's Antique Armour Boutique.
 27300 | Orc:2    | Found Etiohalu's Antique Weapon Shop.
 27302 | Orc:2    | Found Ebbit's General Store.
 27302 | Orc:2    | Found Tulopn's Jewellery Boutique.
 27385 | Orc:2    | Bought a +6 ring of dexterity for 360 gold pieces
 28004 | D:15     | Noticed Roxanne
 28014 | D:15     | Killed Roxanne
 28054 | D:15     | Noticed Nessos
 28056 | D:15     | HP: 1/94 [guardian serpent/bolt of poison (34)]
 28060 | D:15     | Incinerated by a deep elf pyromancer

Illustrated notes

Levels and vault maps discovered:
D:1:      beargit_arrival_greenhouse, layout_rooms
D:2:      layout_loops_ring, minmay_hexomino_c4
D:3:      layout_basic, nemelex_diamond_rough_becter,
          nicolae_figureground_sparkle
D:4:      layout_gridville, kennysheep_little_box,
          chequers_temple_overflow_minitemple, bh_walls_and_bars
D:5:      layout_rooms, mainiacjoe_overflow_alcove_4,
          cheibrodos_sewer_entry_drain, uniq_eustachio
D:6:      old_forge, layout_gridville, tgw_kikubaaqudgha,
          chequers_ossuary_entry_cave, roderic_lattice_a
D:7:      layout_basic, fedhas_altar_fruit_tree, minmay_temple_entry_statues,
          corexii_corridor_pit
D:8:      layout_basic, serial_rivers, chequers_serial_rivers_micro_c,
          chequers_serial_rivers_micro_c, chequers_serial_rivers_small_a,
          chequers_serial_rivers_micro_e, chequers_serial_rivers_room_b,
          chequers_serial_rivers_room_a, kennysheep_generic_room_13
D:9:      layout_long_grid, david_lair_shrubbed, orc_0_dummy, enter_bailey_3,
          gammafunk_ghost_ooze
D:10:     layout_roguey, worms_lemuel
D:11:     layout_rooms
D:12:     layout_roguey, serial_aquarium, aquarium_bridge_square
          [aquarium_subvault_wall, aquarium_subvault_bridge,
          aquarium_subvault_window, aquarium_subvault_wall],
          aquarium_bridge_square [aquarium_subvault_window,
          aquarium_subvault_bridge, aquarium_subvault_wall,
          aquarium_subvault_window], aquarium_window_3, aquarium_window_1,
          aquarium_view_2c, aquarium_view_2c, aquarium_balcony_3b,
          grunt_ministairs_3, uniq_kirke
D:13:     layout_gridville, skrybe_vaults_entry_preservation
D:14:     layout_small_grid, billiards_dpeg
D:15:     grunt_enter_depths_hoard, layout_loops_cross, drop_trap,
          nrook_guardian_serpent_double, uniq_roxanne, uniq_nessos
Temple:   nicolae_temple_x_marks_the_god
Lair:1:   layout_regular_city, chequers_serial_rivers_small_a,
          grunt_forest_large_clearings, grunt_megastairs_2
Lair:2:   layout_small_grid, minmay_shoals_entry_lonely_mermaid, uniq_erica
Lair:3:   layout_loops_ring, guppyfry_snake_entry_garden, grunt_megastairs_4,
          uniq_snorg
Lair:4:   layout_layer_cave, slime_entry_2, minmay_holes,
          infiniplex_staircase_pool_2
Lair:5:   evilmike_catoblepas_cave, layout_loops_ring, serial_bayou_shore_b
Orc:1:    layout_caves, mines5_lemuel
Orc:2:    st_orc_congregation, layout_diamond_mine, uniq_rupert

Skill      XL: |  1  2  3  4  5  6  7  8  9 10 11 12 13 14 15 |
---------------+----------------------------------------------+-----
Ranged Weapons | 5 6 7 8 9 10 11 12 14 16 | 16.3
Dodging        | 3 4 5 6 8 10 12 | 12.3
Evocations     | 1 3 |  3.0
Stealth        | 5 7 8 |  8.0
Short Blades   | 1 2 |  2.6
Long Blades    | 6 10 12 13 14 15 | 15.8
Shapeshifting  | 3 5 7 |  7.0
Fighting       | 4 6 |  6.0

Action                     |  1- 3 |  4- 6 |  7- 9 | 10-12 | 13-15 || total
---------------------------+-------+-------+-------+-------+-------++-------
  Melee: Dagger            |     1 |       |       |       |       ||     1
         Short sword       |    13 |    24 |   128 |       |       ||   165
         Constrict         |     3 |     4 |    47 |    36 |    39 ||   129
         Tentacles         |     2 |     8 |    54 |    57 |    63 ||   184
         Double sword      |       |       |    49 |   206 |   289 ||   544
   Fire: Shortbow          |    77 |   200 |   270 |    46 |       ||   593
         Orcbow            |       |       |       |   109 |   168 ||   277
         Arbalest          |       |       |       |       |   400 ||   400
 Invoke: Call Merchant     |       |       |       |     2 |     3 ||     5
  Evoke: Wand              |       |       |     3 |    15 |     2 ||    20
    Use: Scroll            |     1 |    10 |     9 |     7 |    13 ||    40
         Potion            |       |       |       |     3 |     2 ||     5
   Stab: Sleeping          |       |       |     6 |     6 |     2 ||    14
         Invisible         |       |       |       |     2 |     4 ||     6
         Distracted        |       |       |       |       |     3 ||     3
         Petrified         |       |       |       |       |     2 ||     2
         Petrifying        |       |       |       |       |     1 ||     1
 Armour: Skin              |    38 |    54 |   138 |    70 |   120 ||   420
  Dodge: Dodged            |    47 |    51 |   178 |   106 |   350 ||   732
  Block: Other             |       |    10 |    53 |    39 |    72 ||   174
         Reflection        |       |     4 |     3 |       |    13 ||    20
   Form: Beast             |       |       |       |     1 |       ||     1

Table legend: (Time is in decaauts)
 A = Elapsed time spent in this place.
 B = Non-inter-level travel time spent in this place.
 C = Inter-level travel time spent in this place.
 D = Time resting spent in this place.
 E = Time spent auto-exploring this place.
 F = Levels seen in this place.
 G = Mean time per level.
                   A        B        C        D        E       F      G
               +--------+--------+--------+--------+--------+-----+--------+
         Total |  28196 |  26301 |   1895 |   8152 |  12376 |  26 | 1084.5 |
       Dungeon |  14745 |  13431 |   1314 |   3176 |   7450 |  15 |  983.0 |
        Temple |     20 |     11 |      9 |      0 |      0 |   1 |   20.0 |
          Lair |   7290 |   6863 |    427 |   1600 |   3614 |   5 | 1458.0 |
  Orcish Mines |   4813 |   4670 |    143 |   3196 |    841 |   2 | 2406.5 |
         Sewer |    775 |    775 |      0 |     50 |    426 |   1 |  775.0 |
       Ossuary |    355 |    355 |      0 |    104 |     45 |   1 |  355.0 |
        Bailey |    195 |    195 |      0 |     26 |      0 |   1 |  195.0 |
               +--------+--------+--------+--------+--------+-----+--------+

Top non-repeatable levels by time:
   Orc:2: 3653 daAuts
  Lair:5: 2271 daAuts
     D:2: 1875 daAuts
  Lair:2: 1517 daAuts
     D:9: 1405 daAuts
  Lair:4: 1381 daAuts
     D:6: 1352 daAuts
  Lair:1: 1289 daAuts
    D:12: 1283 daAuts
    D:14: 1227 daAuts
     D:4: 1169 daAuts
   Orc:1: 1159 daAuts
     D:8: 1025 daAuts
    D:13: 942 daAuts
     D:7: 878 daAuts
